Map: Galactic Process LE

Players

Robola

  • Race: Terran Terran
  • League: Diamond

Jayhs - Winner!

  • Race: Terran Terran
  • League: Diamond

VOD

Have the link to the VOD?

Description

Time

  • Played on: Oct. 29, 2016, 6:23 p.m.
  • Length: 17:05
Show
View Real Time Build Order
Export as new Build Order

Robola Terran 

Build Orders: Reaper Expand, Bio Tank 

Get SALT Encoding   

  12  0:00  SCV  
  13  0:13  SCV  
  14  0:17  Supply Depot  
  14  0:25  SCV  
  14  0:28  Refinery  
  15  0:41  Barracks  
  15  0:46  SCV  
  16  0:58  SCV  
  17  1:11  SCV  
  18  1:23  SCV  
  19  1:28  Reaper  
  20  1:35  Orbital Command  
  20  1:51  Command Center, Unknown  
  20  1:59  Supply Depot  
  20  2:04  Reaper  
  20  2:07  SCV  
  21  2:25  Factory  
  21  2:29  SCV  
  22  2:30  Refinery  
  22  2:36  Barracks Reactor  
  22  2:42  SCV  
  23  2:49  Barracks  
  23  2:55  SCV  
  24  3:03  Unknown, Orbital Command  
  24  3:07  SCV  
  24  3:09  Hellion  
  24  3:12  Starport  
  27  3:16  Reaper  
  28  3:21  Reaper  
  28  3:23  SCV  
  30  3:31  Orbital Command  
  29  3:40  Barracks Tech Lab, Factory Tech Lab  
  29  3:41  Barracks  
  29  3:53  Supply Depot  
  29  3:54  SCV  
  30  3:57  SCV  
  30  4:02  Marine  
  32  4:03  Marine x2  
  32  4:06  SCV  
  32  4:08  Banshee  
  32  4:09  SCV  
  39  4:12  Cloaking Field  
  39  4:20  Factory Reactor  
  39  4:22  Factory Tech Lab  
  39  4:23  SCV x2  
  41  4:26  Marine x2  
  41  4:28  Marine  
  44  4:32  Barracks Reactor  
  44  4:35  SCV x2  
  46  4:47  SCV x2, Marine x2  
  50  4:56  Engineering Bay  
  50  4:57  Banshee  
  50  4:59  SCV  
  54  5:05  Refinery  
  54  5:06  Supply Depot  
  54  5:09  Engineering Bay  
  54  5:11  Supply Depot  
  54  5:17  SCV x2, Siege Tank  
  54  5:19  Marine  
  54  5:20  Marine  
  61  5:30  SCV x2  
  63  5:42  SCV  
  64  5:53  Siege Tank  
  67  5:58  Marine x4  
  67  6:00  Command Center, Unknown  
  67  6:03  SCV x2, Starport Reactor  
  70  6:14  Missile Turret  
  70  6:15  SCV x2, Factory  
  70  6:16  Missile Turret  
  70  6:17  Marine, Refinery  
  73  6:19  Stimpack  
  73  6:38  Missile Turret x2  
  73  6:39  Terran Infantry Weapons Level 1  
  73  6:40  Terran Infantry Armor Level 1  
  73  6:42  Supply Depot  
  73  6:43  Supply Depot  
  73  6:46  Siege Tank  
  76  6:49  Marine x2  
  78  7:04  Marine x3  
  81  7:11  Unknown  
  81  7:16  Marine x2  
  81  7:17  Siege Tank  
  81  7:22  Marine, Siege Tank  
  87  7:23  Marine x2  
  87  7:27  Supply Depot  
  87  7:28  Supply Depot  
  89  7:34  Medivac  
  91  7:41  Marine x3  
  91  7:42  Marine  
  95  7:48  Orbital Command  
  95  7:49  SCV x2  
  97  7:56  Supply Depot  
  97  7:57  Siege Tank  
  100  7:59  Medivac  
  100  8:00  Marine  
  100  8:01  Marine x4  
  100  8:03  Siege Tank  
  110  8:11  SCV x2  
  112  8:16  Armory  
  112  8:18  Marine x2  
  112  8:19  Supply Depot  
  114  8:22  Barracks  
  114  8:23  Marine x3  
  114  8:24  Combat Shields  
  117  8:28  Medivac  
  117  8:30  SCV  
  117  8:31  SCV x2  
  117  8:34  Refinery  
  122  8:35  Refinery  
  122  8:37  Missile Turret  
  122  8:40  Medivac  
  127  8:55  Siege Tank  
  127  9:03  Marine x4  
  127  9:04  Medivac  
  127  9:06  Supply Depot  
  127  9:07  SCV  
  134  9:12  SCV  
  134  9:13  SCV, Marine  
  134  9:15  Barracks Reactor  
  134  9:16  Terran Infantry Weapons Level 2  
  137  9:17  Barracks  
  137  9:19  SCV  
  137  9:20  Marine x2  
  137  9:21  Marine  
  141  9:26  Marine  
  141  9:31  Marine  
  130  9:38  Marine x3  
  130  9:40  Medivac x2  
  130  9:41  Siege Tank  
  130  9:44  Terran Infantry Armor Level 2  
  140  9:53  Marine x4  
  144  10:01  Siege Tank  
  144  10:03  Command Center, Unknown  
  144  10:05  Missile Turret, SCV x2  
  149  10:08  SCV  
  150  10:17  SCV  
  150  10:18  SCV, Siege Tank  
  150  10:19  Medivac  
  157  10:40  Missile Turret  
  156  10:42  Marine  
  157  10:53  Medivac, Marine x2  
  157  11:03  Marine x2  
  157  11:04  Marine x4  
  157  11:10  Siege Tank x2  
  156  11:11  Marine  
  156  11:12  Marine  
  156  11:14  Unknown  
  152  11:21  Orbital Command  
  143  11:42  Siege Tank x2  
  149  11:52  SCV x2  
  151  11:57  Medivac x2, Marine x5  
  151  11:58  Marine x2  
  162  12:13  Armory  
  162  12:14  Marine, Siege Tank  
  162  12:15  Marine x3, Siege Tank  
  172  12:26  Medivac  
  172  12:27  Medivac  
  172  12:28  Marine x2  
  178  12:34  Marine x2  
  180  12:45  Marine  
  180  12:46  SCV x2, Supply Depot, Siege Tank  
  180  12:47  Supply Depot  
  186  12:52  Siege Tank  
  186  12:56  Medivac  
  186  12:57  Marine x3  
  188  13:04  Marine  
  188  13:07  Marine x2  
  188  13:08  Marine x2  
  189  13:19  Marine x2, Siege Tank  
  193  13:20  Marine  
  193  13:22  Marine  
  193  13:24  Siege Tank  
  193  13:25  Marine x4  
  185  13:39  Marine x2  
  185  13:40  Marine x2  
  134  13:43  Marine x3  
  134  13:45  Marine  
  134  13:47  Medivac x2  
  136  13:51  Siege Tank  
  136  13:56  Siege Tank  
  136  14:00  Marine x2  
  136  14:01  Marine  
  142  14:08  SCV  
  142  14:09  SCV  
  145  14:16  Medivac  
  146  14:23  Siege Tank  
  149  14:25  Marine x6  
  149  14:28  Siege Tank  
  158  14:34  Orbital Command  
  158  14:45  Marine  
  158  14:46  Marine x3  
  162  14:55  Siege Tank  
  165  15:00  Siege Tank  
  156  15:21  Marine x2  
  156  15:22  Marine x6  
  156  15:27  Siege Tank  
  167  15:32  Siege Tank  
  153  15:39  Marine x4  
  153  15:41  Marine x2  
  153  15:42  Marine x2  
  139  15:57  Marine x3  
  139  15:59  Siege Tank  
  145  16:04  Siege Tank  
  145  16:05  Marine x5  
  153  16:15  Marine x2  
  155  16:23  Marine x4  
  159  16:34  Marine x3  
  159  16:38  Marine  
  163  16:41  Marine  
Show
View Real Time Build Order
Export as new Build Order

Jayhs Terran - Winner!

Build Orders: Reaper Expand, MMM Bio 

Get SALT Encoding   

  12  0:01  SCV  
  13  0:13  SCV  
  14  0:17  Supply Depot  
  14  0:25  SCV  
  15  0:28  Refinery  
  15  0:39  SCV  
  16  0:46  Barracks  
  16  0:51  SCV  
  17  1:04  SCV  
  18  1:16  SCV  
  19  1:33  Orbital Command  
  19  1:34  Reaper  
  20  1:58  Command Center, Unknown  
  20  2:04  Factory  
  20  2:16  SCV  
  20  2:17  Barracks Reactor  
  21  2:29  SCV  
  22  2:42  SCV  
  23  2:46  Supply Depot  
  23  2:55  Marine  
  23  3:00  Bunker  
  23  3:07  Marine  
  23  3:08  SCV, Hellion  
  23  3:09  Unknown  
  27  3:13  Command Center, Unknown  
  27  3:17  Orbital Command  
  27  3:20  Marine  
  27  3:25  SCV  
  31  3:34  Marine, Hellion  
  32  3:41  Starport  
  32  3:43  Refinery  
  32  3:44  SCV  
  33  3:49  Marine  
  33  3:53  Marine  
  36  3:56  SCV  
  36  3:58  Factory Tech Lab  
  36  4:01  SCV  
  37  4:06  Supply Depot  
  37  4:08  SCV  
  39  4:11  Marine  
  39  4:13  SCV  
  39  4:15  Marine  
  41  4:20  Barracks  
  41  4:23  Cyclone  
  45  4:24  Unknown  
  45  4:25  SCV  
  45  4:30  Orbital Command  
  46  4:38  Marine x2  
  46  4:40  Viking  
  46  4:42  SCV  
  46  4:44  SCV  
  52  4:54  Engineering Bay  
  52  4:57  Marine x2  
  54  5:03  SCV, Siege Tank  
  54  5:04  SCV x2  
  60  5:12  Barracks Tech Lab  
  60  5:15  SCV, Marine x2  
  60  5:17  SCV  
  60  5:20  SCV  
  65  5:23  Missile Turret  
  65  5:26  Missile Turret  
  65  5:29  SCV x2  
  65  5:33  SCV  
  68  5:41  SCV  
  66  5:48  Terran Infantry Weapons Level 1  
  66  6:00  Viking, Marine  
  69  6:08  Refinery  
  69  6:10  Supply Depot  
  69  6:12  Stimpack  
  69  6:13  SCV x3, Marine x2  
  69  6:15  Siege Tank  
  77  6:29  Supply Depot  
  77  6:31  SCV x2, Supply Depot, Starport Reactor, Marine  
  80  6:36  SCV  
  81  6:41  Marine x2  
  81  6:43  SCV  
  81  6:44  SCV  
  81  6:47  Supply Depot x2  
  85  6:50  Marine  
  85  6:51  SCV  
  87  6:56  SCV x2, Siege Tank  
  87  7:00  Supply Depot  
  92  7:02  Supply Depot  
  89  7:22  Marine x2  
  91  7:23  Medivac  
  91  7:24  SCV  
  91  7:25  SCV  
  91  7:26  SCV  
  91  7:27  Marine  
  97  7:30  Medivac  
  97  7:31  Siege Tank, Orbital Command  
  97  7:35  Supply Depot  
  97  7:36  Supply Depot  
  97  7:37  SCV x2  
  104  7:40  Marine  
  104  7:43  Terran Infantry Armor Level 1, Marine  
  106  7:45  Marine  
  106  7:49  SCV  
  108  8:01  Refinery  
  108  8:02  Medivac, Marine x2  
  108  8:03  Marine, Refinery  
  108  8:04  Refinery  
  113  8:06  SCV  
  113  8:07  SCV x2  
  116  8:17  Siege Tank  
  116  8:18  SCV, Combat Shields  
  120  8:20  Marine  
  120  8:22  Barracks  
  121  8:28  Barracks  
  121  8:29  Barracks  
  121  8:31  Supply Depot, Armory  
  121  8:32  Engineering Bay  
  121  8:34  SCV  
  122  8:35  SCV, Supply Depot  
  122  8:36  SCV  
  124  8:45  Medivac x2, Marine x3  
  131  8:52  SCV  
  131  8:55  SCV  
  133  8:56  Siege Tank  
  136  9:03  Marine  
  136  9:04  Barracks  
  139  9:14  Orbital Command  
  139  9:17  Barracks Reactor x3  
  139  9:18  Medivac x2  
  139  9:19  Marine x2  
  136  9:41  Marine x3  
  136  9:42  Siege Tank  
  136  9:44  SCV x3  
  145  9:48  Medivac  
  147  9:53  Marine x6  
  147  9:56  SCV x3  
  147  9:59  Marine x3, Terran Infantry Armor Level 2, Terran Infantry Weapons Level 2  
  159  10:01  Terran Vehicle Weapons Level 1  
  159  10:04  Medivac  
  161  10:11  Marine x4  
  165  10:15  Barracks Reactor  
  165  10:25  Supply Depot  
  165  10:26  Supply Depot  
  165  10:28  Supply Depot  
  165  10:46  Medivac, Marine x3  
  165  10:48  Marine x6  
  176  10:56  Marine x2  
  171  10:58  Medivac  
  170  11:04  Marine x3  
  170  11:06  Marine x6  
  170  11:10  Siege Tank  
  181  11:13  Marine  
  181  11:14  Marine  
  162  11:22  Medivac, Marine x3  
  162  11:23  Marine x2  
  157  11:32  Marine  
  157  11:33  Marine x5  
  160  11:42  Siege Tank  
  160  11:43  Marine x5  
  159  11:50  Marine x2  
  159  11:51  Medivac  
  159  11:55  Marine  
  159  11:56  Marine x2  
  159  11:57  Supply Depot, Factory  
  162  12:03  Marine x2  
  162  12:04  Marine  
  162  12:05  Marine x3  
  162  12:06  Medivac  
  162  12:08  Marine  
  169  12:09  Terran Vehicle Weapons Level 2  
  169  12:13  Marine  
  169  12:14  Siege Tank  
  174  12:16  Command Center, Unknown  
  174  12:17  Marine x3  
  174  12:20  Marine x2  
  174  12:21  Medivac  
  181  12:30  Marine x3  
  184  12:42  Marine x2  
  184  12:43  Factory Tech Lab  
  184  12:44  Marine x4  
  186  12:45  Marauder  
  186  12:46  Siege Tank  
  195  13:01  Marine x5  
  195  13:03  Marine  
  197  13:08  Reaper  
  197  13:12  Reaper  
  197  13:16  Medivac  
  195  13:20  Siege Tank  
  195  13:23  Siege Tank  
  194  13:31  Orbital Command  
  165  13:35  Marine x4  
  165  13:36  Marauder, Marine x3  
  139  13:46  Marine x3  
  139  13:47  Medivac x2  
  136  13:52  Siege Tank  
  136  13:53  Marine  
  136  13:55  Siege Tank  
  132  13:58  Marauder  
  132  14:00  SCV x2  
  135  14:07  Terran Infantry Weapons Level 3, Terran Infantry Armor Level 3  
  135  14:08  Marine x5  
  135  14:09  Marine x4  
  144  14:11  Marine  
  144  14:15  Command Center, Unknown  
  145  14:19  Marauder  
  145  14:33  Marine x6  
  145  14:34  Marine, Siege Tank  
  145  14:36  Orbital Command  
  155  14:40  Marauder  
  155  14:42  Marine x3  
  160  14:51  Marine  
  161  14:58  Marine x6  
  161  14:59  Medivac, Siege Tank  
  170  15:06  Marine x4  
  174  15:09  Marine  
  174  15:12  Siege Tank  
  178  15:16  Marine x3  
  170  15:23  Marine  
  170  15:24  Marine x4  
  170  15:26  Unknown  
  175  15:31  Siege Tank  
  170  15:42  Marine x9  
  152  15:43  Marauder, Marine  
  152  15:49  SCV x3  
  158  15:59  Marine  
  158  16:00  Marine x4, Refinery  
  160  16:11  Marine x5  
  162  16:12  Marauder  
  162  16:17  Marine x3  
  162  16:18  Medivac, Marine x2, Siege Tank, Refinery  
  175  16:19  Refinery  
  177  16:42  Marine x7  
  177  16:43  Marauder, Marine x2  
Tags
 
Add a new tag
Caveats
  • Supply blocks, unpowered buildings, or Contaminate may cause inaccurate times.
  • Supply counts are checked every 10 seconds.